 Dungeon Crawl Stone Soup version 0.32-a0-120-gfac0567ad4 (webtiles) character file.

Game seed: 4036916929989225268

473 CougarLife the Ruffian (level 6, -1/59 HPs)
             Began as a Troll Fighter on Feb 6, 2024.
             Slain by a gnoll
             ... wielding a +0 halberd
             ... led by a gnoll bouda
              (11 damage)
             ... on level 5 of the Dungeon.
             The game lasted 00:03:24 (3161 turns).

CougarLife the Ruffian (Troll Fighter)              Turns: 3161, Time: 00:03:24

Health: -1/59      AC:  5    Str: 27    XL:     6   Next: 83%
Magic:  5/5        EV: 14    Int:  4    God:
Gold:   307        SH:  7    Dex:  9    Spells: 5/5 levels left

rFire   . .          .
                       - Unarmed
rCold   . . .        b - +0 kite shield
rNeg    . . .        a - +0 robe
rPois   .            (helmet restricted)
rElec   .            z - +0 cloak
rCorr   +            (gloves unavailable)
SInv    .            (boots unavailable)
Will    .....        (no amulet)
Stlth   +            p - ring of resist corrosion
HPRegen 1.09/turn    C - +5 ring of evasion
MPRegen 0.09/turn

%: no passive effects
@: no status effects
A: large, unfitting armour, claws 3, regeneration 1, shaggy fur 1, tough skin 1
a: no special abilities


You were on level 5 of the Dungeon.
You visited 1 branch of the dungeon, and saw 5 of its levels.

You collected 307 gold pieces.

Inventory:

Missiles
 l - 5 javelins (quivered)
Armour
 a - a +0 robe (worn)
 b - a +0 kite shield (worn)
 z - a +0 cloak (worn)
Jewellery
 p - a ring of resist corrosion (left claw)
 r - a +6 ring of strength
 C - a +5 ring of evasion (right claw)
Wands
 B - a wand of flame (9)
Scrolls
 f - a scroll of revelation {unknown}
 g - 4 scrolls of teleportation {unknown}
 h - 2 scrolls of fear {unknown}
 j - a scroll of enchant armour {unknown}
 k - 4 scrolls of identify {unknown}
 s - a scroll of noise {unknown}
 t - 2 scrolls of enchant weapon {unknown}
 u - a scroll of fog {unknown}
 v - 2 scrolls of blinking {unknown}
 x - a scroll of summoning {unknown}
 y - a scroll of poison {unknown}
 A - a scroll of brand weapon {unknown}
Potions
 c - a potion of might
 d - a potion of lignification {unknown}
 e - a potion of enlightenment {unknown}
 i - 2 potions of heal wounds {unknown}
 m - a potion of degeneration {unknown}
 n - 2 potions of brilliance {unknown}
 o - a potion of haste {unknown}
 q - a potion of berserk rage {unknown}
 w - a potion of curing {unknown}


   Skills:
 - Level 2.4 Fighting
 - Level 3.0 Dodging
 - Level 2.6 Shields
 * Level 7.1 Unarmed Combat


You had 5 spell levels left.
You didn't know any spells.
Your spell library contained the following spells:

 Spells                   Type           Power      Damage    Failure   Level
 Necrotise                Necr           0%         1d4       75%         1
 Sublimation of Blood     Necr           0%         N/A       87%         2
 Dazzling Flash           Conj/Hex       0%         N/A       98%         3
 Vampiric Draining        Necr           0%         2d6       98%         3
 Volatile Blastmotes      Fire/Tloc      0%         2d10      98%         3
 Martyr's Knell           Necr/Summ      0%         N/A       100%        4
 Petrify                  Alch/Erth      0%         N/A       100%        4
 Curse of Agony           Necr           0%         N/A       100%        5
 Irradiate                Conj/Alch      0%         3d11      100%        5
 Starburst                Conj/Fire      0%         6d3       100%        6
 Maxwell's Capacitive Co  Air            0%         ∞         100%        8


Dungeon Overview and Level Annotations

Branches:
Dungeon (5/15)
 Temple: D:4-7

Altars:
Hepliaklqana
Kikubaaqudgha
Nemelex Xobeh
Sif Muna

Shops:
D:4 *


Innate Abilities, Weirdness & Mutations

You are too large for most types of armour.
You have claws for hands.
Your natural rate of healing is unusually fast.
You are covered in fur. (AC +1)
You have tough skin. (AC +1)


Message History

* * * LOW HITPOINT WARNING * * *
You barely miss the gnoll.
The gnoll is heavily wounded.
The gnoll hits you with a +0 spear.
* * * LOW HITPOINT WARNING * * *
You scratch the gnoll but do no damage.
The gnoll is heavily wounded.
The gnoll bouda gazes fiercely through you!
You feel your attacks grow feeble. You block the gnoll's attack.
You barely miss the gnoll.
The gnoll is heavily wounded.
You block the gnoll's attack.
You barely miss the gnoll.
The gnoll is heavily wounded.
The gnoll closely misses you.
You claw the gnoll!
You kill the gnoll!
You scratch the gnoll bouda but do no damage.
You block the gnoll bouda's attack. The gnoll barely misses you.
You scratch the gnoll bouda but do no damage.
Your attacks no longer feel as feeble.
You block the gnoll bouda's attack. You block the gnoll's attack.
You mangle the gnoll bouda!!
You kill the gnoll bouda!
The gnoll is no longer moving quickly.
The gnoll hits you from afar with a +0 spear!
* * * LOW HITPOINT WARNING * * *
Your Unarmed Combat skill increases to level 7!
Unknown command.
The gnoll closely misses you. The gnoll misses you.
Items here: )) [ ††.
You mangle the gnoll!!
You kill the gnoll!
The gnoll misses you. The gnoll closely misses you.
You see here a +0 spear.
You scratch the gnoll but do no damage.
The gnoll is no longer moving quickly.
The gnoll hits you with a +0 halberd!
You die...

################
#.!.....gg@)...#
#g############.#
#.# .# ##### #.#
.#
#...###g#'###.
+#
#...#.ggg...'..
#...'.......#..
#(gg#.......#
#...##........


You could see 2 gnolls.

Vanquished Creatures
  Prince Ribbit (D:5)
  A scorpion (D:4)
  A hound (D:5)
  A gnoll bouda (D:5)
  An iguana (D:4)
  3 gnolls (D:5)
  A white imp (D:5)
  A ribbon worm (D:2)
  A dart slug (D:4)
  7 orcs
  6 ball pythons
  6 endoplasms
  2 giant cockroaches (D:2)
  5 goblins
  7 hobgoblins
  10 jackals
  4 quokkas
  5 bats
  4 frilled lizards
  10 kobolds
  4 rats
81 creatures vanquished.

Notes
Turn   | Place    | Note
-------+----------+-------------------------------------------
     0 | D:1      | CougarLife the Troll Fighter began the quest for the Orb.
     0 | D:1      | Reached XP level 1. HP: 22/22 MP: 0/0
   149 | D:1      | Reached XP level 2. HP: 29/29 MP: 1/1
   353 | D:1      | Reached XP level 3. HP: 35/36 MP: 2/2
   637 | D:2      | Reached skill level 3 in Unarmed Combat
  1566 | D:3      | Reached XP level 4. HP: 44/44 MP: 3/3
  1945 | D:4      | Reached skill level 4 in Unarmed Combat
  2229 | D:4      | Found a hazy altar of Hepliaklqana.
  2358 | D:4      | Found a shimmering blue altar of Sif Muna.
  2463 | D:4      | Found Ea-nāṣir's Fine Metal Goods.
  2587 | D:4      | Found a sparkling altar of Nemelex Xobeh.
  2606 | D:4      | Noticed a scorpion
  2625 | D:4      | Killed a scorpion
  2626 | D:4      | Reached skill level 5 in Unarmed Combat
  2626 | D:4      | Reached XP level 5. HP: 50/50 MP: 4/4
  2950 | D:5      | Entered Level 5 of the Dungeon
  2972 | D:5      | Noticed Prince Ribbit
  3000 | D:5      | Killed Prince Ribbit
  3001 | D:5      | Reached skill level 6 in Unarmed Combat
  3001 | D:5      | Reached XP level 6. HP: 31/59 MP: 5/5
  3042 | D:5      | Found an ancient bone altar of Kikubaaqudgha.
  3158 | D:5      | Reached skill level 7 in Unarmed Combat
  3161 | D:5      | Slain by a gnoll

Illustrated notes

Levels and vault maps discovered:
D:1:      dpeg_arrival_tiny_c, layout_basic, serial_bayou_lake_a
D:2:      layout_loops_ring, amethyst_killhole
D:3:      layout_loops_ring, kennysheep_donut
D:4:      layout_cave_pods, mainiacjoe_overflow_big_doors,
          kennysheep_little_box, dreamdust_princess_corridor, minivault_19,
          nicolae_ea-nasir_strikes_again
D:5:      cheibrodos_quashed, layout_basic, mainiacjoe_overflow_catwalk,
          minivault_27, kennysheep_generic_room_11, uniq_prince_ribbit1

Skill      XL: |  1  2  3  4  5  6 |
---------------+-------------------+-----
Dodging        | 3 |  3.0
Unarmed Combat | 3 5 6 7 |  7.1
Fighting       | |  2.4
Shields        | |  2.6

Action                     |  1- 3 |  4- 6 || total
---------------------------+-------+-------++-------
  Melee: Unarmed           |   140 |    90 ||   230
 Armour: Robe              |    75 |    63 ||   138
  Dodge: Dodged            |    54 |    44 ||    98
  Block: Kite shield       |    58 |    43 ||   101

Table legend: (Time is in decaauts)
 A = Elapsed time spent in this place.
 B = Non-inter-level travel time spent in this place.
 C = Inter-level travel time spent in this place.
 D = Time resting spent in this place.
 E = Time spent auto-exploring this place.
 F = Levels seen in this place.
 G = Mean time per level.
                   A        B        C        D        E       F      G
               +--------+--------+--------+--------+--------+-----+--------+
         Total |   3169 |   3054 |    115 |     24 |   2462 |   5 |  633.8 |
       Dungeon |   3169 |   3054 |    115 |     24 |   2462 |   5 |  633.8 |
               +--------+--------+--------+--------+--------+-----+--------+

Top non-repeatable levels by time:
     D:4: 1024 daAuts
     D:2: 667 daAuts
     D:3: 635 daAuts
     D:1: 633 daAuts
     D:5: 209 daAuts
